 Dungeon Crawl Stone Soup version 0.23.1-37-gaa34b87b72 (webtiles) character file.

Game seed: 5166808549067178238

359 Revguard the Cudgeler (level 6, -2/37 HPs)
             Began as a Gargoyle Gladiator on Mar 27, 2019.
             Slain by an orc warrior
             ... wielding a +0 mace
              (14 damage)
             ... on level 4 of the Dungeon.
             The game lasted 00:14:27 (2946 turns).

Revguard the Cudgeler (Gargoyle Gladiator)          Turns: 2946, Time: 00:14:27

Health: -2/37      AC: 18    Str: 17    XL:     6   Next: 65%
Magic:  6/6        EV:  6    Int:  9    God:
Gold:   215        SH:  0    Dex: 13    Spells: 5/5 levels left

rFire    . . .     SeeInvis .   g - +1 whip (elec)
rCold    . . .     Gourm    .   (no shield)
rNeg     + . .     Faith    .   s - +1 plate armour
rPois    ∞         Spirit   .   c - +0 helmet
rElec    +         Reflect  .   (no cloak)
rCorr    .         Harm     .   b - +0 pair of gloves
MR       .....                  (no boots)
Stlth    ..........             (no amulet)
HPRegen  0.12/turn              (no ring)
MPRegen  0.10/turn              (no ring)

@: about to teleport
A: negative energy resistance 1, electricity resistance, unbreathing,
petrification resistance, rot immunity, AC +4
a: no special abilities


You were on level 4 of the Dungeon.
You were not hungry.

You visited 1 branch of the dungeon, and saw 4 of its levels.

You collected 215 gold pieces.

Inventory:

Hand Weapons
 a - a +0 flail
 g - a +1 whip of electrocution (weapon)
Missiles
 d - 4 throwing nets (quivered)
Armour
 b - a +0 pair of gloves (worn)
 c - a +0 helmet (worn)
 h - a +0 chain mail
 s - a +1 plate armour (worn)
Wands
 k - a wand of paralysis (10)
 r - a wand of polymorph (4)
Scrolls
 l - a scroll of identify {unknown}
Potions
 j - a potion of curing
 n - a potion of lignification
Comestibles
 f - 6 rations


   Skills:
 + Level 3.4 Fighting
 + Level 5.8 Maces & Flails
 - Level 1.7 Throwing
 + Level 2.5 Armour
 + Level 3.0 Dodging


You had 5 spell levels left.
You didn't know any spells.
Your spell library was empty.

Dungeon Overview and Level Annotations

Branches:
Dungeon (4/15)
 Temple: D:4-7

Altars:
Fedhas


Innate Abilities, Weirdness & Mutations

You are resistant to torment.
Your stone body is resilient. (AC +4)
You are immune to poison.
You resist negative energy. (rN+)
You are resistant to electric shocks. (rElec)
You can survive without breathing.
You are immune to petrification.
You are immune to rotting.


Message History

The tomahawk hits you but does no damage.
You barely miss the orc warrior.
You hit the orc warrior but do no damage.
The orc warrior hits you with a +0 mace!
The orc wizard gestures wildly while chanting.
The orc wizard blinks!
The orc warrior hits you with a +0 mace.
* * * LOW HITPOINT WARNING * * *
Really quaff the potion of lignification? [Y]es or [N]o only, please.
Really quaff the potion of lignification?
Okay, then.
As you read the scroll of teleportation, it crumbles to dust.
You feel strangely unstable.
The orc wizard hits you but does no damage.
You hit the orc wizard.
Lightning courses through the orc wizard!
The orc wizard is severely wounded.
The orc warrior hits you with a +0 mace!
You die...

#...........##
#...........# #..
###/.........##
#..##...........##
.[#..###...(..###
...####........#####
#.. #...#####......#
.## #..##o###
#......# .....#.#o@#
#......# !......§o##
#.........
.......###
#.......### .....?.
..........# .......
########### .....§#
.....# ...<. .....


You could see an orc warrior, an orc wizard and an orc.

Vanquished Creatures
  A hound (D:4)
  A centaur skeleton (D:4)
  2 orc wizards (D:3)
  Jessica (D:3)
  Natasha (thrice) (D:3)
  Terence (D:3)
  4 gnolls (D:2)
  2 oozes
  7 dart slugs (D:1)
  A leopard gecko (D:3)
  4 orcs
  A giant cockroach (D:2)
  2 goblins (D:1)
  8 hobgoblins
  7 jackals (D:1)
  2 quokkas
  4 ball pythons
  4 bats
  4 frilled lizards
  6 kobolds
  5 rats
70 creatures vanquished.

Notes
Turn   | Place    | Note
-------+----------+-------------------------------------------
     0 | D:1      | Revguard the Gargoyle Gladiator began the quest for the
                  | Orb.
     0 | D:1      | Reached XP level 1. HP: 12/12 MP: 1/1
   101 | D:1      | Reached XP level 2. HP: 10/17 MP: 2/2
   378 | D:1      | Reached XP level 3. HP: 22/22 MP: 3/3
  1181 | D:2      | Reached skill level 1 in Armour
  1181 | D:2      | Reached XP level 4. HP: 17/27 MP: 4/4
  1186 | D:2      | Reached skill level 4 in Maces & Flails
  1921 | D:3      | Found a blossoming altar of Fedhas.
  1938 | D:3      | Noticed Terence
  1940 | D:3      | Killed Terence
  1940 | D:3      | Reached XP level 5. HP: 32/32 MP: 5/5
  2188 | D:3      | Noticed Natasha
  2209 | D:3      | Killed Natasha
  2209 | D:3      | Reached skill level 5 in Maces & Flails
  2388 | D:3      | Noticed Jessica
  2397 | D:3      | Killed Jessica
  2397 | D:3      | Reached XP level 6. HP: 37/37 MP: 6/6
  2421 | D:3      | Noticed Natasha
  2427 | D:3      | Killed Natasha
  2578 | D:3      | Noticed Natasha
  2582 | D:3      | Killed Natasha
  2930 | D:4      | Noticed an orc warrior
  2946 | D:4      | Slain by an orc warrior

Skill      XL: |  1  2  3  4  5 |
---------------+----------------+-----
Dodging        | 3 |  3.0
Armour         | 1 2 |  2.5
Maces & Flails | 4 5 |  5.8
Fighting       | 3 |  3.4
Throwing       | |  1.7

Action                   |  1- 3 |  4- 6 || total
-------------------------+-------+-------++-------
Melee: Flail             |   115 |    18 ||   133
       Whip              |       |   146 ||   146
Evoke: Wand              |       |     1 ||     1
  Use: Potion            |     3 |     2 ||     5
       Scroll            |       |    10 ||    10
  Eat: Chunk             |       |     7 ||     7
Armor: Leather armour    |    13 |       ||    13
       Chain mail        |    62 |    71 ||   133
       Plate armour      |       |    14 ||    14
Dodge: Dodged            |    57 |    36 ||    93
